 Dungeon Crawl Stone Soup version 0.30.1-9-gdf580d7c3d (webtiles) character file.

Game seed: 13458859121333488437

74388 coolio the Destroyer (level 15, -14/90 HPs)
             Began as a Demonspawn Conjurer on Oct 13, 2023.
             Was a High Priest of Vehumet.
             Hit by a large rock thrown by a cyclops (40 damage)
             ... on level 13 of the Dungeon on Oct 14, 2023.
             The game lasted 00:53:02 (25907 turns).

coolio the Destroyer (Demonspawn Conjurer)         Turns: 25907, Time: 00:53:02

Health: -14/90     AC:  9    Str: 10    XL:     15   Next: 6%
Magic:  3/29       EV: 13    Int: 25    God:    Vehumet [*****.]
Gold:   725        SH:  0    Dex: 19    Spells: 11/34 levels left

rFire   + . .        J - +8 hand axe of Fury {pain, rF+ Dex+5}
rCold   . . .        (no shield)
rNeg    . . .        q - +0 leather armour of Brilliance {rPois Dex+3}
rPois   +            o - +0 helmet
rElec   .            (cloak unavailable)
rCorr   .            E - +0 pair of gloves
SInv    .            n - +0 pair of boots
Will    +....        a - amulet of magic regeneration
Stlth   +++++        (no ring)
HPRegen 0.35/turn    (no ring)
MPRegen 0.61/turn

%: no passive effects
@: studying Stealth
A: slimy green scales 1, demonic guardian 2, spiny 1, weakness stinger 3
a: Renounce Religion


You were on level 13 of the Dungeon.
You worshipped Vehumet.
Vehumet was extremely pleased with you.
You visited 3 branches of the dungeon, and saw 19 of its levels.
You also visited: Sewer and Bailey.

You collected 2279 gold pieces.
You spent 1554 gold pieces at shops.

Inventory:

Hand Weapons
 J - the +8 hand axe of Fury (weapon) {pain, rF+ Dex+5}
   (You found it in a bailey)

   Dex:       It affects your dexterity (+5).
   rF:        It protects you from fire.
 K - the +0 dagger of the Chewing Seer {heavy, +Blink rCorr Int+3}
   (You found it on level 10 of the Dungeon)

   Int:       It affects your intelligence (+3).
   +Blink:    It lets you blink.
   rCorr:     It protects you from acid and corrosion.
 L - the +8 mithril axe "Arga" {speed, Will+}
   (You found it on level 2 of the Lair of Beasts)

   Will:      It increases your willpower.
Missiles
 c - 7 curare-tipped darts
 k - 7 throwing nets
Armour
 n - a +0 pair of boots (worn)
 o - a +0 helmet (worn)
 q - the +0 leather armour of Brilliance (worn) {rPois Dex+3}
   (You found it on level 3 of the Dungeon)

   Dex:       It affects your dexterity (+3).
   rPois:     It protects you from poison.
 E - a +0 pair of gloves (worn)
 I - +2 pearl dragon scales
Magical Staves
 w - a staff of fire
Jewellery
 a - an amulet of magic regeneration (around neck)
 N - a ring of resist corrosion
Wands
 l - a wand of roots (19)
 s - a wand of quicksilver (1)
 A - a wand of paralysis (9)
 B - a wand of polymorph (3)
 F - a wand of mindburst (14)
 O - a wand of flame (13)
Scrolls
 f - 3 scrolls of enchant weapon
 h - 7 scrolls of teleportation
 j - 3 scrolls of vulnerability
 u - 2 scrolls of blinking
 y - 3 scrolls of amnesia
 C - 7 scrolls of butterflies
 G - a scroll of poison
 H - 3 scrolls of fog
 P - 4 scrolls of magic mapping
 Q - a scroll of silence
Potions
 b - 4 potions of magic
 d - 2 potions of attraction
 e - 2 potions of berserk rage
 g - 10 potions of curing
 i - 2 potions of heal wounds
 p - 6 potions of haste
 r - 5 potions of brilliance
 t - 4 potions of mutation
 v - 2 potions of might
 x - 3 potions of ambrosia
 z - 4 potions of flight
 D - a potion of cancellation
 R - a potion of degeneration {unknown}
Miscellaneous
 m - a condenser vane


   Skills:
 - Level 6.3 Armour
 - Level 3.0 Dodging
 + Level 11.5 Stealth
 + Level 10.3 Spellcasting
 - Level 12.0 Conjurations
 - Level 10.0 Translocations
 * Level 10.5 Fire Magic
 * Level 11.1 Air Magic


You had 11 spell levels left.
You knew the following spells:

 Your Spells              Type           Power      Damage    Failure   Level
a - Magic Dart            Conj           100%       1d8       1%          1
b - Searing Ray           Conj           100%       2d8       1%          2
c - Arcjolt               Conj/Air       31%        1d41      1%          5
e - Iskenderun's Mystic   Conj/Tloc      61%        2d13      1%          4
f - Blink                 Tloc           100%       N/A       1%          2
g - Airstrike             Air            31%        2d(5-21)  1%          4
h - Fireball              Conj/Fire      31%        3d13      1%          5

Your spell library contained the following spells:

 Spells                   Type           Power      Damage    Failure   Level
 Conjure Ball Lightning   Conj/Air       31%        3x3d10    2%          6
 Kiss of Death            Conj/Necr      100%       2d13      1%          1
 Cigotuvi's Dreadful Rot  Necr/Pois/Air  62%        N/A       1%          2
 Lesser Beckoning         Tloc           100%       N/A       1%          2
 Momentum Strike          Conj/Tloc      100%       3d10      1%          2
 Static Discharge         Conj/Air       100%       2-7/arc   1%          2
 Dazzling Flash           Conj/Hex       84%        N/A       1%          3
 Ignite Poison            Fire/Tmut/Pois 30%        N/A       1%          3
 Vhi's Electric Charge    Tloc/Air       100%       N/A       1%          3
 Volatile Blastmotes      Fire/Tloc      100%       2d18      1%          3
 Fulminant Prism          Conj/Hex       21%        3d12      1%          4
 Sticky Flame             Conj/Fire      62%        2d8       1%          4
 Freezing Cloud           Conj/Ice/Air   25%        6-21      1%          5
 Portal Projectile        Hex/Tloc       74%        N/A       2%          3
 Summon Lightning Spire   Summ/Air       40%        N/A       6%          4
 Confusing Touch          Hex            12%        N/A       19%         3
 Tukima's Dance           Hex            12%        N/A       19%         3
 Lee's Rapid Deconstruct  Erth           6%         3d6*      38%         5
 Dispel Undead            Necr           12%        3d9       52%         4
 Leda's Liquefaction      Hex/Erth       6%         N/A       52%         4
 Maxwell's Capacitive Co  Air            31%        ∞         67%         8
 Ignition                 Fire           30%        3d10      75%         8
 Blade Hands              Tmut           6%         N/A       86%         5
 Statue Form              Tmut/Erth      8%         N/A       100%        6


Dungeon Overview and Level Annotations

Branches:
Dungeon (13/15)            Temple (1/1) D:5            Lair (5/5) D:11
 Shoals (0/4) Lair:2       Spider (0/4) Lair:3        Slime (0/5) Lair:4
    Orc (0/2) D:11         Vaults (0/5) D:13          Sewer (visited)
 Bailey (visited)

Altars:
Ashenzari
Cheibriados
Dithmenos
Fedhas
Gozag
Hepliaklqana
Kikubaaqudgha
Makhleb
Nemelex Xobeh
Okawaru
Qazlal
Ru
Sif Muna
Trog
Uskayaw
Vehumet
Wu Jian
Xom
Yredelemnul

Shops:
D:11 *:*   D:12 !


Innate Abilities, Weirdness & Mutations

You are partially covered in slimy green scales. (AC +2)
A demonic guardian rushes to your aid.
You are partially covered in sharp spines.
You have a sharp stinger which inflicts weakening toxins.


Message History

Electricity surges outward!
The centaur warrior is struck by an electric surge!
The centaur warrior is lightly wounded.
The centaur warrior misses you.
The centaur warrior kicks you but does no damage.
A cyclops comes into view.
The centaur warrior hits you but does no damage.
The centaur warrior kicks you but does no damage.
Unknown command.
Casting: Arcjolt (mildly dangerous; 1% risk of failure)
Confirm with . or Enter, or press ? or * to list all spells.
Electricity surges outward!
The centaur warrior is struck by an electric surge!
The centaur warrior is heavily wounded.
The centaur warrior hits you.
The centaur warrior kicks you but does no damage.
Unknown command.
Aiming: Fastroot
Press: ? - help, Shift-Dir - straight line The roots erupt in riotous growth!
Roots grab the centaur warrior.
The grasping roots constrict the centaur warrior.
The centaur warrior barely misses you. x2
The centaur warrior is struck by your spines.
The centaur warrior hits you!
* * * LOW HITPOINT WARNING * * *
The centaur warrior kicks you but does no damage.
Unknown command.
Unknown command.
Casting: Arcjolt (mildly dangerous; 1% risk of failure)
Confirm with . or Enter, or press ? or * to list all spells.
Electricity surges outward!
The centaur warrior is struck by an electric surge!!
The centaur warrior is almost dead.
The grasping roots constrict the centaur warrior!
You kill the centaur warrior!
Vehumet accepts your kill.
You feel your power returning.
The cyclops throws a large rock.
The large rock hits you!!!
You die...

#.....#### #.# #.# #.#
..........##.# #.# #.#
..#####.#..#.. #.#####....# ..#
#.##...# ##..........#### ###
#.# #.)## .....#......)). * #.#
#<.## .... g.#....### *
###.####[).## #.# ..###..## *
#[.....))#..##..#..# #.##*** *
#........)..@)....# #..,,,,
****#..#!............## ####,**
,,..........#####....# *,*
**###..#....#***#....# *,*
,,,....#.....,,,.....# *,*
***###.#.##.##*#.#...# *,*
******,#.##..,,.###.C#********,*
,,,,,,,.,*****##,*.#/.,,,,,,,,,*
******,,,,,>,,,,,,**###*********


You could see a cyclops.

Vanquished Creatures
  Jorgrun (D:13)
  A dire elephant (Lair:5)
  A fire dragon (Lair:5)
  A vault guard (D:13)
  4 hydras
  2 boulder beetles
  4 centaur warriors (D:13)
  4 two-headed ogres
  3 catoblepae (Lair:5)
  10 death yaks (Lair:5)
  3 skeletal warriors (D:13)
  4 skysharks
  A swamp dragon (Lair:5)
  4 harpies (Lair:2)
  A lindwurm (Lair:5)
  2 cyclopes
  2 ugly things (D:13)
  4 manticores
  24 elephants
  A torpor snail (Lair:5)
  6 black mambas
  10 cane toads
  3 gargoyles
  A kobold demonologist (D:13)
  5 rime drakes
  5 komodo dragons
  A meliai (shapeshifter) (D:13)
  A polar bear (Lair:2)
  A meliai (D:8)
  16 blink frogs
  5 dream sheep (Lair:5)
  5 slime creatures
  A shadow (D:9)
  A vampire (D:10)
  A wraith (D:12)
  Eustachio (D:6)
  38 yaks
  5 basilisks
  3 wyverns
  5 vampire mosquitoes
  2 steam dragons
  4 acid dragons
  11 water moccasins
  3 swamp drakes (Lair:5)
  5 orc warriors
  4 black bears
  An ice beast (D:6)
  2 sky beasts
  An ogre (D:4)
  27 wolves
  17 centaurs
  8 kobold brigands (Sewer)
  Blork the orc (D:4)
  7 gnoll sergeants
  17 bullfrogs
  5 scorpions
  A necrophage (D:5)
  14 wights
  20 killer bees
  6 howler monkeys
  2 vampire bats (D:9)
  9 orc priests
  A jelly (D:5)
  Crazy Yiuf (D:2)
  7 gnoll boudas
  3 hounds
  7 iguanas
  15 orc wizards
  A hound skeleton (D:5)
  26 gnolls
  10 adders
  2 white imps
  2 ufetubi
  8 worms
  3 dart slugs
  54 orcs
  9 ball pythons
  4 bat skeletons (D:9)
  3 bat zombies (D:9)
  11 endoplasms
  6 giant cockroaches
  11 goblins
  4 hobgoblins
  3 jackals (D:2)
  4 quokkas
  5 bats
  6 frilled lizards
  9 kobolds
  8 rats
  A spectral orc (D:4)
582 creatures vanquished.

Vanquished Creatures (collateral kills)
  3 vault guards (D:13)
  A torpor snail (Lair:3)
  2 cane toads (Lair:5)
  2 rime drakes (Lair:5)
  A troll (D:10)
  A basilisk (D:13)
  A yak (Lair:1)
  An acid dragon (D:13)
  2 centaurs
  A gnoll sergeant (Bailey)
  A gnoll bouda (D:8)
  A frilled lizard (D:3)
17 creatures vanquished.

Grand Total: 599 creatures vanquished

Notes
Turn   | Place    | Note
-------+----------+-------------------------------------------
     0 | D:1      | coolio the Demonspawn Conjurer began the quest for the Orb.
     0 | D:1      | Reached XP level 1. HP: 13/13 MP: 3/3
   335 | D:1      | Gained mutation: You are partially covered in slimy green
                  | scales. (AC +2) [demonic ancestry]
   335 | D:1      | Reached XP level 2. HP: 19/19 MP: 1/5
  1312 | D:2      | Gained mutation: A weak demonic guardian rushes to your
                  | aid. [demonic ancestry]
  1312 | D:2      | Reached XP level 3. HP: 23/24 MP: 0/6
  1893 | D:2      | Found a runed translucent door.
  1894 | D:2      | Noticed Crazy Yiuf
  2035 | D:2      | Learned a level 2 spell: Searing Ray
  2038 | D:2      | Killed Crazy Yiuf
  2039 | D:2      | Reached skill level 5 in Conjurations
  2039 | D:2      | Reached XP level 4. HP: 15/30 MP: 2/7
  2586 | D:3      | Gained mutation: You have a small tail. [demonic ancestry]
  2586 | D:3      | Reached XP level 5. HP: 26/35 MP: 3/9
  3259 | D:3      | Found an ornate altar of the Wu Jian Council.
  3311 | D:3      | Identified the +0 leather armour of Brilliance {rPois
                  | Dex+3}
  4246 | D:4      | Reached XP level 6. HP: 41/41 MP: 3/10
  4378 | D:4      | Reached skill level 1 in Armour
  4378 | D:4      | Reached skill level 6 in Conjurations
  4713 | D:4      | Found a basalt altar of Yredelemnul.
  5080 | D:4      | Noticed Blork the orc
  5089 | D:4      | Killed Blork the orc
  5401 | D:5      | Entered Level 5 of the Dungeon
  5521 | D:5      | Found a burning altar of Makhleb.
  5526 | D:5      | Reached XP level 7. HP: 46/46 MP: 7/12
  5571 | D:5      | Found a staircase to the Ecumenical Temple.
  5594 | Temple   | Entered the Ecumenical Temple
  5619 | Temple   | Became a worshipper of Vehumet
  5682 | D:5      | Found a hide-covered altar of Uskayaw.
  5752 | D:5      | Reached skill level 7 in Conjurations
  5769 | D:5      | Found a glowing drain.
  5829 | Sewer    | Entered a sewer
  6355 | Sewer    | Gained mutation: You have a tail ending in a sharp stinger.
                  | [demonic ancestry]
  6355 | Sewer    | Reached XP level 8. HP: 52/52 MP: 2/14
  6884 | Sewer    | Reached skill level 8 in Conjurations
  7744 | D:5      | Reached skill level 5 in Spellcasting
  7766 | D:5      | Reached * piety under Vehumet
  7766 | D:5      | Offered knowledge of Kiss of Death by Vehumet.
  8476 | D:6      | Found a shimmering altar of Xom.
  8600 | D:6      | Found a bloodstained altar of Trog.
  8606 | D:6      | Reached skill level 9 in Conjurations
  8715 | D:6      | Gained mutation: You are partially covered in sharp spines.
                  | [demonic ancestry]
  8715 | D:6      | Reached XP level 9. HP: 57/57 MP: 11/17
  8804 | D:6      | Noticed Eustachio
  8820 | D:6      | Killed Eustachio
  9482 | D:7      | Reached skill level 5 in Armour
  9521 | D:7      | Reached skill level 10 in Conjurations
 10097 | D:7      | Reached ** piety under Vehumet
 10169 | D:7      | Offered knowledge of Foxfire by Vehumet.
 10422 | D:7      | Found a snail-covered altar of Cheibriados.
 10596 | D:7      | Learned a level 5 spell: Arcjolt
 10686 | D:8      | Noticed a two-headed ogre
 10707 | D:8      | Killed a two-headed ogre
 10708 | D:8      | Reached skill level 11 in Conjurations
 10708 | D:8      | Reached XP level 10. HP: 12/63 MP: 20/20
 11659 | D:8      | Offered knowledge of Volatile Blastmotes by Vehumet.
 11682 | D:8      | Learned a level 3 spell: Volatile Blastmotes
 11944 | D:9      | Reached skill level 1 in Translocations
 11944 | D:9      | Reached *** piety under Vehumet
 12071 | D:9      | Reached skill level 1 in Fire Magic
 12290 | D:9      | Found a flagged portal.
 12299 | Bailey   | Entered a bailey
 12757 | Bailey   | Offered knowledge of Hailstorm by Vehumet.
 12904 | Bailey   | Identified the +8 hand axe of Fury {pain, rF+ Dex+5}
 13309 | D:9      | Noticed an angel
 13317 | D:9      | Noticed a cyclops
 13335 | D:9      | Killed a cyclops
 13336 | D:9      | Gained mutation: A demonic guardian rushes to your aid.
                  | [demonic ancestry]
 13336 | D:9      | Reached XP level 11. HP: 45/68 MP: 15/22
 13460 | D:9      | Reached **** piety under Vehumet
 13583 | D:9      | Found a shadowy altar of Dithmenos.
 13797 | D:9      | Offered knowledge of Irradiate by Vehumet.
 13809 | D:9      | Learned a level 4 spell: Iskenderun's Mystic Blast
 13812 | D:9      | Learned a level 2 spell: Blink
 13817 | D:9      | Learned a level 4 spell: Airstrike
 13821 | D:9      | Found an ancient bone altar of Kikubaaqudgha.
 13989 | D:10     | Entered Level 10 of the Dungeon
 13989 | D:10     | Found a shimmering blue altar of Sif Muna.
 13992 | D:10     | Identified the +0 dagger of the Chewing Seer {heavy, +Blink
                  | rCorr Int+3}
 14014 | D:10     | Noticed a two-headed ogre
 14023 | D:10     | Killed a two-headed ogre
 14024 | D:10     | Reached skill level 12 in Conjurations
 14218 | D:10     | Noticed a two-headed ogre
 14235 | D:10     | Killed a two-headed ogre
 14250 | D:10     | Reached skill level 5 in Air Magic
 14551 | D:10     | Found an iron altar of Okawaru.
 14929 | D:11     | Found Kameyk's Magic Scroll Emporium.
 14936 | D:11     | Bought a scroll of butterflies for 60 gold pieces
 14936 | D:11     | Bought a scroll of fog for 60 gold pieces
 14936 | D:11     | Bought a scroll of teleportation for 45 gold pieces
 14936 | D:11     | Bought a scroll of magic mapping for 112 gold pieces
 14936 | D:11     | Bought a scroll of identify for 30 gold pieces
 14936 | D:11     | Bought 2 scrolls of teleportation for 90 gold pieces
 14969 | D:11     | Found Yczeu's Assorted Antiques.
 15140 | D:11     | Bought a cyan potion for 24 gold pieces
 15140 | D:11     | Bought a scroll of magic mapping for 202 gold pieces
 15140 | D:11     | Bought a scroll of amnesia for 108 gold pieces
 15163 | D:11     | Found Yxkowiss's Book Emporium.
 15190 | D:11     | Found a staircase to the Lair.
 15218 | D:11     | Found Xahommel's Assorted Antiques.
 15228 | D:11     | Reached skill level 5 in Stealth
 15367 | D:11     | Bought a small brass amulet for 150 gold pieces
 15370 | D:11     | Found a staircase to the Orcish Mines.
 15379 | D:11     | Identified the +4 falchion of Ynuch {antimagic, rF- rC++
                  | Dex+3}
 15517 | D:11     | Reached ***** piety under Vehumet
 15517 | D:11     | Offered knowledge of Fireball by Vehumet.
 15875 | D:11     | Learned a level 5 spell: Fireball
 15885 | D:11     | Bought a golden potion for 27 gold pieces
 15885 | D:11     | Bought 2 fizzy emerald potions for 54 gold pieces
 15897 | Lair:1   | Entered Level 1 of the Lair of Beasts
 16003 | Lair:1   | Reached skill level 5 in Fire Magic
 16096 | Lair:1   | Reached skill level 5 in Translocations
 16286 | Lair:1   | Reached XP level 12. HP: 68/74 MP: 16/24
 17010 | Lair:2   | Identified the +5 whip "Oniaggik" {flame, rC+ Will- Str+3
                  | Dex+4}
 17672 | Lair:2   | Found a staircase to the Shoals.
 17797 | Lair:2   | Found the +8 mithril axe "Arga" {speed, Will+}
 17825 | Lair:2   | Noticed a six-headed hydra
 17834 | Lair:2   | Noticed a five-headed hydra
 17836 | Lair:2   | Killed a six-headed hydra
 17858 | Lair:2   | Killed a five-headed hydra
 18237 | Lair:2   | Found a hide-covered altar of Uskayaw.
 18238 | Lair:2   | Found an ornate altar of the Wu Jian Council.
 18238 | Lair:2   | Noticed a boulder beetle
 18268 | Lair:2   | Killed a boulder beetle
 18702 | Lair:3   | Offered knowledge of Olgreb's Toxic Radiance by Vehumet.
 18703 | Lair:3   | Gained mutation: You have a sharp stinger which inflicts
                  | weakening toxins. [demonic ancestry]
 18703 | Lair:3   | Reached XP level 13. HP: 76/79 MP: 16/25
 18895 | Lair:3   | Found a burning altar of Makhleb.
 19119 | Lair:3   | Found a hole to the Spider Nest.
 19929 | Lair:4   | Found a staircase to the Slime Pits.
 20529 | Lair:5   | Entered Level 5 of the Lair of Beasts
 21294 | Lair:5   | Offered knowledge of Conjure Ball Lightning by Vehumet.
 21752 | Lair:5   | Reached XP level 14. HP: 27/85 MP: 6/27
 22247 | Lair:5   | Reached skill level 10 in Stealth
 22433 | Lair:5   | Reached skill level 10 in Air Magic
 23959 | Lair:5   | Reached skill level 10 in Spellcasting
 24017 | Lair:5   | Identified a scroll of acquirement
 24017 | Lair:5   | Acquired 748 gold pieces
 24243 | D:12     | Found a radiant altar of Vehumet.
 24789 | D:12     | Reached skill level 10 in Fire Magic
 24831 | D:12     | Found Wewnefit's Distillery.
 24839 | D:12     | Bought a potion of magic for 128 gold pieces
 24839 | D:12     | Bought a potion of heal wounds for 80 gold pieces
 24839 | D:12     | Bought a potion of magic for 128 gold pieces
 24839 | D:12     | Bought a potion of mutation for 128 gold pieces
 24839 | D:12     | Bought a potion of mutation for 128 gold pieces
 25053 | D:13     | Reached skill level 10 in Translocations
 25673 | D:13     | Found a gate to the Vaults.
 25751 | D:13     | Noticed Jorgrun
 25763 | D:13     | Reached XP level 15. HP: 53/90 MP: 18/29
 25899 | D:13     | Killed Jorgrun
 25907 | D:13     | Hit by a large rock thrown by a cyclops

Illustrated notes

Levels and vault maps discovered:
D:1:      zelgadis_glass_arrival_small, layout_basic, supply_closet_lemuel
D:2:      layout_loops_ring, uniq_crazy_yiuf_cottage
D:3:      layout_loops_ring, general_overflow_altar, minmay_bisected
D:4:      layout_gridville, yredelemnul_forgotten_temple_becter,
          uniq_blork_the_orc
D:5:      layout_basic, mainiacjoe_overflow_concentric_impassable,
          makhleb_blood_cavern_becter, minmay_temple_entry_glass,
          serial_co_window_serial, co_window_paths_a, co_window_paths_a,
          co_window_corner_a, co_window_cross_1, co_window_corner_a,
          co_window_cross_1, co_window_cross_1, co_window_paths_a,
          co_window_cross_1, co_window_broadway_b, co_window_unsneaky_path_d,
          co_window_unsneaky_path_c, co_window_corner_ca, glass_columns_a,
          glass_columns_a, lightli_sewer_entry_pipes
D:6:      layout_basic, trog_ov_bears_minmay, tso_metal_star,
          kennysheep_little_box, minivault_5, uniq_eustachio
D:7:      layout_basic, kennysheep_slug_shrine, minmay_checkerbox
D:8:      layout_loops_ring, chequers_serial_rivers_micro_c, moated_statue,
          minmay_manual_macuahuitl
D:9:      minmay_general_purpose_star, layout_basic, kennysheep_vampire_church,
          kennysheep_mini_moat, zin_angel, enter_bailey_2, nrook_mini_vaults
D:10:     layout_roguey, okawaru_trees_1, overflow_temple_1_default
D:11:     layout_loops_ring, lair_entry_dummy, orc_david_3, serial_shops,
          nicolae_shop_crystal, shop, shop_fountains,
          nicolae_shop_tiny_real_fake_doors
D:12:     layout_stronghold, serial_shops, shop, vehumet_crystals
D:13:     layout_loops_ring, lightli_vaults_fourway_checkpoint,
          gauntlet_entry_generic, minmay_rotating_lava, uniq_jorgrun
Temple:   chequers_temple_sunken
Lair:1:   layout_roguey
Lair:2:   layout_long_grid, nicolae_shoals_entry_roost,
          nzn_masters_of_martial_movement, grunt_megastairs_1
Lair:3:   layout_chaotic_city, nicolae_spider_entry_non_spiders, basic_altar,
          grunt_megastairs_3
Lair:4:   layout_hall_layers, slime_entry_1, serial_bayou_pond_e,
          serial_bayou_shore_b
Lair:5:   hangedman_lair_in_review, layout_regular_city,
          guppyfry_lair_end_dragon, pdpol_lair_neglected_garden,
          nicolae_lair_grazing_beasts [nicolae_sub_lair_graze_edge,
          nicolae_sub_lair_graze_edge, nicolae_sub_lair_graze_edge,
          nicolae_sub_lair_graze_edge], infiniplex_staircase_pool_2

Skill      XL: |  1  2  3  4  5  6  7  8  9 10 11 12 13 14 |
---------------+-------------------------------------------+-----
Dodging        | 2 3 |  3.0
Conjurations   | 5 6 7 9 11 12 | 12.0
Spellcasting   | 3 4 5 6 7 8 9 10 | 10.3
Armour         | 1 3 4 6 |  6.3
Air Magic      | 2 4 6 8 9 11 | 11.1
Stealth        | 3 5 8 9 11 | 11.5
Translocations | 2 5 7 8 10 | 10.0
Fire Magic     | 2 5 7 8 10 | 10.5

Action                     |  1- 3 |  4- 6 |  7- 9 | 10-12 | 13-15 || total
---------------------------+-------+-------+-------+-------+-------++-------
  Melee: Unarmed           |     8 |       |       |       |       ||     8
         Club              |    38 |    21 |       |       |       ||    59
         Punch             |     1 |     1 |       |       |       ||     2
         Dagger            |       |    29 |    20 |     1 |       ||    50
         Tailslap          |       |     2 |     3 |     9 |    14 ||    28
         Hand axe          |       |       |       |    47 |    57 ||   104
   Cast: Magic Dart        |    67 |   101 |   184 |   139 |    34 ||   525
         Searing Ray       |     1 |     8 |    54 |    92 |     8 ||   163
         Arcjolt           |       |       |       |    75 |   136 ||   211
         Volatile Blastmot |       |       |       |    10 |       ||    10
         Airstrike         |       |       |       |    12 |    98 ||   110
         Iskenderun's Myst |       |       |       |     2 |     6 ||     8
         Fireball          |       |       |       |     5 |    36 ||    41
         Blink             |       |       |       |       |     6 ||     6
  Evoke: Wand              |       |       |     7 |     1 |     6 ||    14
    Use: Potion            |       |     5 |       |     4 |     4 ||    13
         Scroll            |       |       |     5 |    11 |     7 ||    23
   Stab: Sleeping          |       |       |       |       |     3 ||     3
         Petrified         |       |       |       |       |     6 ||     6
         Distracted        |       |       |       |       |     1 ||     1
 Armour: Robe              |    15 |    24 |       |       |       ||    39
         Leather armour    |       |     6 |    57 |   113 |    93 ||   269
  Dodge: Dodged            |    40 |    33 |    99 |   190 |   131 ||   493
